 Dungeon Crawl Stone Soup version 0.31-a0-152-g6aa68a64a1 (webtiles) character file.

Game seed: 4743883731161431595

4960 jasper the Summoner (level 10, -1/44 HPs)
             Began as a Spriggan Earth Elementalist on June 10, 2023.
             Succumbed to a kobold brigand's curare-tipped dart
             ... on level 8 of the Dungeon.
             The game lasted 00:14:55 (7982 turns).

jasper the Summoner (Spriggan Earth Elementalist)   Turns: 7982, Time: 00:14:56

Health: -1/44      AC:  5    Str:  6    XL:     10   Next: 28%
Magic:  17/17      EV: 17    Int: 27    God:
Gold:   204        SH:  0    Dex: 16    Spells: 2/17 levels left

rFire   . . .        F - +2 scimitar of Action {heavy, rCorr Str+2}
rCold   . . .        (no shield)
rNeg    . . .        a - +1 robe
rPois   .            (helmet restricted)
rElec   .            k - +1 cloak
rCorr   +            (gloves unavailable)
SInv    +            (boots unavailable)
Will    +....        e - amulet of magic regeneration
Stlth   ++           s - +6 ring of intelligence
HPRegen 0.27/turn    w - ring of flight
MPRegen 0.55/turn

%: no passive effects
@: brilliant, lethally poisoned (-1 -> -8), flying, very slightly contaminated,
slowed, quick
A: very small, no large weapons, unfitting armour, see invisible, speed 3
a: no special abilities


You were on level 8 of the Dungeon.
You visited 2 branches of the dungeon, and saw 9 of its levels.
You also visited: Ossuary and Bailey.

You collected 714 gold pieces.
You spent 510 gold pieces at shops.

Inventory:

Hand Weapons
 d - a +0 short sword
 m - a +2 heavy spear
 p - a +2 trident of freezing
 F - the +2 scimitar of Action (weapon) {heavy, rCorr Str+2}
   (You bought it in a shop on level 8 of the Dungeon)

   Str:       It affects your strength (+2).
   rCorr:     It protects you from acid and corrosion.
 H - a +1 scimitar of flaming
Missiles
 g - 7 curare-tipped darts
 I - 4 atropa-tipped darts
Armour
 a - a +1 robe (worn)
 k - a +1 cloak (worn)
 l - a +0 cloak
 o - a scarf of harm
 q - a +0 troll leather armour {Pargi}
Jewellery
 c - a ring of fire
 e - an amulet of magic regeneration (around neck)
 s - a +6 ring of intelligence (left hand)
 w - a ring of flight (right hand)
Wands
 u - a wand of mindburst (1)
 A - a wand of iceblast (5)
 C - a wand of acid (2)
Scrolls
 h - 5 scrolls of teleportation
 n - 3 scrolls of fog
 y - a scroll of identify
 z - a scroll of enchant armour
Potions
 b - a potion of magic
 f - a potion of attraction
 i - 6 potions of brilliance
 j - 3 potions of haste
 r - a potion of degeneration
 t - 3 potions of might
 v - a potion of berserk rage
 x - a potion of lignification
 B - 2 potions of curing {unknown}
 D - a potion of resistance {unknown}
 G - a potion of mutation {unknown}


   Skills:
 - Level 2.6 Dodging
 - Level 3.0 Stealth
 - Level 4.1 Spellcasting
 + Level 10.3 Summonings
 + Level 9.6 Translocations
 - Level 1.3 Transmutations
 - Level 5.5 Earth Magic


You had 2 spell levels left.
You knew the following spells:

 Your Spells              Type           Power      Damage    Failure   Level
a - Sandblast             Erth           100%       2d20      1%          1
b - Passwall              Tmut/Erth      30%        N/A       3%          2
c - Stone Arrow           Conj/Erth      60%        3d10      8%          3
d - Call Imp              Summ           100%       N/A       1%          2
e - Malign Gateway        Summ/Tloc      36%        N/A       73%         7

Your spell library contained the following spells:

 Spells                   Type           Power      Damage    Failure   Level
 Wereblood                Tmut           19%        N/A       7%          2
 Magic Dart               Conj           32%        1d4       8%          1
 Poisonous Vapours        Pois/Air       16%        N/A       12%         2
 Sublimation of Blood     Necr           8%         N/A       12%         2
 Petrify                  Tmut/Erth      36%        N/A       19%         4
 Hailstorm                Conj/Ice       8%         3d4       24%         3
 Mephitic Cloud           Conj/Pois/Air  8%         N/A       24%         3
 Ice Form                 Ice/Tmut       13%        N/A       52%         4
 Summon Hydra             Summ           37%        N/A       67%         7
 Freezing Cloud           Conj/Ice/Air   4%         6-21      91%         5
 Simulacrum               Ice/Necr       4%         N/A       100%        6
 Storm Form               Tmut/Air       6%         N/A       100%        7
 Maxwell's Capacitive Co  Air            4%         ∞         100%        8
 Summon Horrible Things   Summ           37%        N/A       100%        8


Dungeon Overview and Level Annotations

Branches:
Dungeon (8/15)             Temple (1/1) D:7         Ossuary (visited)
 Bailey (visited)
   Lair: D:8-11

Altars:
Cheibriados
Dithmenos
Elyvilon
Fedhas
Gozag
Hepliaklqana
Kikubaaqudgha
Makhleb
Nemelex Xobeh
Okawaru
Qazlal
Ru
Sif Muna
Trog
Uskayaw
Vehumet
Wu Jian
Xom
The Shining One

Shops:
D:8 ([

Annotations:
D:4 1 runed translucent door, xian's ghost, amateur DsEn
D:8 3 runed translucent doors, SkeletonJelly's ghost, novice DsRe


Innate Abilities, Weirdness & Mutations

You are very small and have problems with some larger weapons.
You are too small for most types of armour.
You have supernaturally acute eyesight. (SInv)
You cover ground extremely quickly. (Speed+++)


Message History

You take 8 damage, and have 28/44 hp.
You now have 14/17 mp.
You feel very sick.
You take 3 damage, and have 25/44 hp.
You feel very sick.
The kobold brigand throws a poisoned dart.
The poisoned dart closely misses you.
You take 3 damage, and have 22/44 hp.
You feel very sick.
The kobold brigand throws a curare-tipped dart.
The curare-tipped dart hits you.
You are lethally poisoned!
You have difficulty breathing.
You feel as though you will be slow longer.
You take 7 damage, and have 15/44 hp.
* * * LOW HITPOINT WARNING * * *
You feel very sick. The kobold brigand closely misses you.
You take 4 damage, and have 11/44 hp.
* * * LOW HITPOINT WARNING * * *
You feel very sick.
The kobold brigand throws a curare-tipped dart.
The curare-tipped dart barely misses you.
There is a gate leading back out of this place here.
You take 3 damage, and have 8/44 hp.
Magic restored.
* * * LOW HITPOINT WARNING * * *
You feel very sick. The nameless horror misses you.
The kobold brigand barely misses you. The nameless horror closely misses you.
Welcome back to the Dungeon!
Level annotation: 3 runed translucent doors, SkeletonJelly's ghost, novice DsRe
* * * LOW HITPOINT WARNING * * *
You feel sick.
There is an empty arch of ancient stone here.
You take 7 damage, and have 1/44 hp.
MP restored: 17
Okay, then.
This is a scroll of acquirement!
Something appears at your feet!
You die...

##)##.# #[#
.### #.#
...###
###)##.#$..#
#..)[.$....#
#.~~~~~~~..#
#.)##.##~..#
#.~#X.K# ..#
#.~#.@.#
#.~#...#
#.~##### #.~


You could see a nameless horror and a kobold brigand.

Vanquished Creatures
  A two-headed ogre (D:8)
  Erica (D:8)
  Psyche (D:8)
  Menkaure (D:7)
  3 water moccasins
  Pargi (D:4)
  2 orc warriors
  A sky beast (D:7)
  2 ogres
  2 centaurs
  4 kobold brigands
  2 bullfrogs
  2 phantoms
  2 elf zombies (Ossuary)
  A gnoll sergeant (D:8)
  2 scorpions
  3 wights (D:7)
  5 killer bees (D:7)
  A howler monkey (D:4)
  A human zombie (Ossuary)
  4 centaur zombies (Ossuary)
  2 jellies
  2 gnoll boudas (D:4)
  6 orc priests
  4 hounds
  3 iguanas
  A sleepcap (D:4)
  An orc wizard (D:8)
  2 mummies (Ossuary)
  9 gnolls
  7 adders
  A shadow imp (D:4)
  A white imp (D:6)
  An ufetubus (D:4)
  2 worms (D:2)
  2 dart slugs
  12 orcs
  8 endoplasms
  4 giant cockroaches
  12 goblins
  9 hobgoblins
  4 jackals (D:1)
  24 kobolds
  4 quokkas
  6 ball pythons
  3 bats
  4 frilled lizards
  A goblin zombie (Ossuary)
  10 hobgoblin zombies (Ossuary)
  8 kobold zombies (Ossuary)
  10 orc zombies (Ossuary)
  4 rats
  A rat zombie (Ossuary)
210 creatures vanquished.

Vanquished Creatures (collateral kills)
  A kobold (Bailey)
1 creature vanquished.

Vanquished Creatures (others)
  An ice beast (D:8)
1 creature vanquished.

Grand Total: 212 creatures vanquished

Notes
Turn   | Place    | Note
-------+----------+-------------------------------------------
     0 | D:1      | jasper the Spriggan Earth Elementalist began the quest for
                  | the Orb.
     0 | D:1      | Reached XP level 1. HP: 9/9 MP: 5/5
   197 | D:1      | Reached XP level 2. HP: 13/13 MP: 3/6
   200 | D:1      | Learned a level 2 spell: Passwall
  1157 | D:2      | Reached XP level 3. HP: 16/16 MP: 6/8
  1161 | D:2      | Learned a level 3 spell: Stone Arrow
  1734 | D:2      | Reached XP level 4. HP: 21/21 MP: 9/9
  2172 | D:3      | Found a hide-covered altar of Uskayaw.
  2351 | D:3      | Learned a level 2 spell: Call Imp
  2542 | D:4      | Noticed an ogre
  2551 | D:4      | Killed an ogre
  2552 | D:4      | Reached skill level 5 in Earth Magic
  2552 | D:4      | Reached XP level 5. HP: 24/24 MP: 8/10
  2676 | D:4      | Found a blossoming altar of Fedhas.
  2751 | D:4      | Reached skill level 1 in Summonings
  2802 | D:4      | Reached skill level 2 in Summonings
  2802 | D:4      | Reached XP level 6. HP: 28/28 MP: 9/11
  2871 | D:4      | Reached skill level 3 in Summonings
  2900 | D:4      | Found a sand-covered staircase.
  2901 | D:4      | Noticed Pargi
  2905 | Ossuary  | Entered an ossuary
  3076 | Ossuary  | Reached skill level 4 in Summonings
  3079 | Ossuary  | Reached XP level 7. HP: 18/32 MP: 8/12
  3204 | Ossuary  | Reached skill level 5 in Summonings
  3433 | D:4      | Killed Pargi
  3639 | D:4      | Reached skill level 6 in Summonings
  3655 | D:4      | Reached XP level 8. HP: 29/36 MP: 10/13
  3995 | D:4      | Found a runed translucent door.
  3996 | D:4      | Noticed xian's ghost (amateur DsEn)
  4069 | D:5      | Entered Level 5 of the Dungeon
  4097 | D:5      | Found a shadowy altar of Dithmenos.
  4122 | D:5      | Reached skill level 7 in Summonings
  4360 | D:5      | Found an iron altar of Okawaru.
  4550 | D:5      | Found a bloodstained altar of Trog.
  5655 | D:6      | Found a shimmering altar of Xom.
  5655 | D:6      | Found a sparkling altar of Nemelex Xobeh.
  5686 | D:7      | Reached skill level 8 in Summonings
  5707 | D:7      | Noticed Menkaure
  5710 | D:7      | Killed Menkaure
  6152 | D:7      | Reached XP level 9. HP: 39/39 MP: 13/16
  6169 | D:7      | Learned a level 7 spell: Malign Gateway
  6226 | D:7      | Reached skill level 1 in Translocations
  6234 | D:7      | Found a staircase to the Ecumenical Temple.
  6247 | Temple   | Entered the Ecumenical Temple
  6388 | D:7      | Reached skill level 9 in Summonings
  6633 | D:7      | Reached skill level 5 in Translocations
  6665 | D:7      | Found an ancient bone altar of Kikubaaqudgha.
  7044 | D:8      | Found a runed translucent gate.
  7044 | D:8      | Found a runed translucent gate.
  7045 | D:8      | Found a runed translucent gate.
  7068 | D:8      | Noticed Psyche
  7077 | D:8      | Killed Psyche
  7308 | D:8      | Found a snail-covered altar of Cheibriados.
  7395 | D:8      | Noticed SkeletonJelly's ghost (novice DsRe)
  7444 | D:8      | Found Yrchut's Antique Armour Emporium.
  7500 | D:8      | Found Wampysira's Weapon Shop.
  7505 | D:8      | Noticed a two-headed ogre
  7526 | D:8      | Killed a two-headed ogre
  7527 | D:8      | Reached XP level 10. HP: 30/44 MP: 15/17
  7603 | D:8      | Bought the +2 scimitar of Action {heavy, rCorr Str+2} for
                  | 510 gold pieces
  7642 | D:8      | Found a flagged portal.
  7644 | D:8      | Noticed Erica
  7656 | D:8      | Killed Erica
  7657 | D:8      | Reached skill level 10 in Summonings
  7680 | Bailey   | Entered a bailey
  7974 | Bailey   | Noticed a nameless horror
  7981 | D:8      | HP: 1/44 [poisoned by a kobold brigand (curare-tipped
                  | dart)]
  7982 | D:8      | Identified a scroll of acquirement
  7982 | D:8      | Acquired 639 gold pieces
  7982 | D:8      | Succumbed to a kobold brigand's curare-tipped dart

Illustrated notes

Levels and vault maps discovered:
D:1:      minmay_arrival_nine_rooms, layout_basic, serial_forest,
          infiniplex_forest_straight_1, infiniplex_forest_corner_2,
          infiniplex_forest_end_3, infiniplex_forest_end_1,
          infiniplex_forest_clump_cross, infiniplex_forest_lined_4_way,
          corner_web_ring
D:2:      layout_basic
D:3:      layout_rooms, eat_drink_and_be_merry_uskayaw
D:4:      minmay_polygon_palace, layout_rooms,
          mainiacjoe_overflow_surrounded_room, ebering_ghost_sewer_d,
          nicolae_ossuary_entry_false_entrances, uniq_pargi
D:5:      nicolae_cairo_tiling_very_big, layout_cave_pools,
          trog_three_pillars_becter, overflow_temple_1_default,
          okawaru_metal_pillars_1_2, serial_bayou_lake_a
D:6:      layout_loops_corners, gammafunk_temple_overflow_statue,
          minmay_fractal_squares_gapless_5
D:7:      layout_loops_cross, overflow_temple_1_default,
          minmay_temple_entry_mist, dreamdust_princess_corridor, uniq_menkaure
D:8:      layout_basic, mainiacjoe_overflow_alcove_1, serial_shops,
          nicolae_square_shop, shop, gammafunk_ghost_spectres, enter_bailey_3,
          uniq_erica, uniq_psyche
Temple:   eino_temple_lava

Skill      XL: |  1  2  3  4  5  6  7  8  9 10 |
---------------+-------------------------------+-----
Earth Magic    | 3 4 5 |  5.5
Summonings     | 2 4 6 8 9 10 | 10.3
Spellcasting   | 4 |  4.1
Translocations | 8 9 |  9.6
Dodging        | |  2.6
Stealth        | |  3.0
Transmutations | |  1.3

Action                     |  1- 3 |  4- 6 |  7- 9 | 10-12 || total
---------------------------+-------+-------+-------+-------++-------
  Melee: Unarmed           |     4 |       |       |       ||     4
   Cast: Sandblast         |    52 |   112 |   206 |    29 ||   399
         Call Imp          |       |       |     1 |     1 ||     2
  Evoke: Wand              |       |       |    11 |     9 ||    20
    Use: Scroll            |     1 |     4 |    12 |     1 ||    18
         Potion            |       |       |       |     3 ||     3
 Armour: Robe              |     2 |    10 |    22 |     3 ||    37
  Dodge: Dodged            |     9 |    30 |   111 |    31 ||   181

Table legend: (Time is in decaauts)
 A = Elapsed time spent in this place.
 B = Non-inter-level travel time spent in this place.
 C = Inter-level travel time spent in this place.
 D = Time resting spent in this place.
 E = Time spent auto-exploring this place.
 F = Levels seen in this place.
 G = Mean time per level.
                   A        B        C        D        E       F      G
               +--------+--------+--------+--------+--------+-----+--------+
         Total |   6051 |   5828 |    223 |    342 |   4238 |  11 |  550.1 |
       Dungeon |   5406 |   5186 |    220 |    130 |   4062 |   8 |  675.8 |
        Temple |     16 |     14 |      2 |      0 |      0 |   1 |   16.0 |
       Ossuary |    321 |    321 |      0 |      0 |    162 |   1 |  321.0 |
        Bailey |    308 |    308 |      0 |    211 |     13 |   1 |  308.0 |
               +--------+--------+--------+--------+--------+-----+--------+

Top non-repeatable levels by time:
     D:4: 1045 daAuts
     D:7: 898 daAuts
     D:1: 853 daAuts
     D:6: 685 daAuts
     D:2: 598 daAuts
     D:8: 527 daAuts
     D:5: 474 daAuts
     D:3: 323 daAuts
 Ossuary: 321 daAuts
  Bailey: 308 daAuts
  Temple: 16 daAuts
